 Dungeon Sprint DCSS version 0.24-a0-282-g1a68c911f0 (webtiles) character file.

Game seed: 16981016075332882809

298 Redear the Fighter (level 8, -3/72 HPs)
             Began as a Demonspawn Fighter on May 2, 2019.
             Was a Priest of Makhleb.
             Slain by the 27-headed Lernaean hydra (7 damage)
             ... in the Dungeon (Sprint VI: "Thunderdome").
             The game lasted 00:05:17 (621 turns).

Redear the Fighter (Demonspawn Fighter)              Turns: 621, Time: 00:05:18

Health: -3/72      AC:  8    Str: 34    XL:     8   Next: 28%
Magic:  0/8        EV:  6    Int:  4    God:    Makhleb [***...]
Gold:   72         SH: 13    Dex: 17    Spells: 7/7 levels left

rFire    x . .     SeeInvis .   a - +0 war axe
rCold    . . .     Gourm    .   c - +0 shield
rNeg     + . .     Faith    .   b - +0 scale mail
rPois    .         Spirit   +   (no helmet)
rElec    .         Reflect  .   (no cloak)
rCorr    .         Harm     .   (no gloves)
MR       +....     NoTele   +   (no boots)
Stlth    ..........             n - amulet "Ydeijuxt" {Spirit rF- Str+4 Int-3 Slay+2}
HPRegen  0.22/turn              p - ring of Fanaps {+Blink +Inv rN+ Str+3 Dex+4 Stlth-}
MPRegen  0.11/turn              o - ring "Xorchemp" {EV-3 Str+8} (curse)

@: very slightly contaminated
A: talons 2, slimy green scales 2, deformed body, dopey 1, high mp 1, magic
resistance 1, powered by death 2
a: Minor Destruction, Lesser Servant of Makhleb, Renounce Religion, Evoke Blink,
Evoke Invisibility


You were in the Dungeon.
You worshipped Makhleb.
Makhleb was most pleased with you.
You were not hungry.

You visited 1 branch You collected 600 gold pieces.
You spent 528 gold pieces at shops.

Inventory:

Hand Weapons
 a - a +0 war axe (weapon)
Armour
 b - a +0 scale mail (worn)
 c - a +0 shield (worn)
Jewellery
 h - the ring of the Equinox {Ice rPois MR++ Str-2 Dex+2}
   (You bought it in a shop in the Dungeon)

   [ring of ice]

   It enhances your ice magic.
   It affects your strength (-2).
   It affects your dexterity (+2).
   It makes you vulnerable to fire.
   It protects you from cold.
   It protects you from poison.
   It affects your resistance to hostile enchantments.
 k - the ring "Kantal" {*Contam +Fly Str+2 Int+3}
   (You bought it in a shop in the Dungeon)

   [ring of flight]

   It affects your strength (+2).
   It affects your intelligence (+3).
   It lets you fly.
   It causes magical contamination when unequipped.
 m - the ring "Extol" {-Tele rF+ rC+ MP+9}
   (You bought it in a shop in the Dungeon)

   [ring of magical power]

   It protects you from fire.
   It protects you from cold.
   It affects your magic capacity (+9).
   It prevents most forms of teleportation.
 n - the amulet "Ydeijuxt" (around neck) {Spirit rF- Str+4 Int-3 Slay+2}
   (You bought it in a shop in the Dungeon)

   [amulet of guardian spirit]

   It causes incoming damage to be split between your health and magic.
   It affects your strength (+4).
   It affects your intelligence (-3).
   It affects your accuracy and damage with ranged weapons and melee attacks
   (+2).
   It makes you vulnerable to fire.
 o - the cursed ring "Xorchemp" (right hand) {EV-3 Str+8}
   (You bought it in a shop in the Dungeon)

   [ring of evasion]

   It affects your evasion (-3).
   It affects your strength (+8).
   It has a curse placed upon it.
 p - the ring of Fanaps (left hand) {+Blink +Inv rN+ Str+3 Dex+4 Stlth-}
   (You bought it in a shop in the Dungeon)

   [ring of attention]

   It affects your strength (+3).
   It affects your dexterity (+4).
   It protects you from negative energy.
   It lets you turn invisible.
   It lets you blink.
   It makes you less stealthy.
 q - the ring of the Will of the Gods {rCorr *Slow rN++ Stlth+, unknown}
   (You bought it in a shop in the Dungeon)

   [ring of resist corrosion]

   It greatly protects you from negative energy.
   It may slow you when you take damage.
   It makes you more stealthy.
Wands
 I - a wand of iceblast (4)
Scrolls
 e - 3 scrolls of fog
 B - 4 scrolls of blinking {@r4}
Potions
 d - a potion of might {Str+5 DMG+1d10 | @q3}
 f - a potion of resistance {rF+ rC+ rPois rElec rCorr}
 g - 3 potions of heal wounds {@q1@q9}
 i - 2 potions of magic
 j - a potion of berserk rage
 l - 2 potions of mutation {!q}
 H - 4 potions of haste {@q5}
Comestibles
 z - a ration


   Skills:
 + Level 9.8 Fighting
 + Level 8.7 Axes
 + Level 9.0 Armour
 + Level 9.0 Shields


You had 7 spell levels left.
You didn't know any spells.
Your spell library was empty.

Dungeon Overview and Level Annotations

Branches:
Dungeon (1/1)

Altars:
Cheibriados
Dithmenos
Fedhas
Gozag
Kikubaaqudgha
Makhleb
Okawaru
Qazlal
Ru
Sif Muna
Trog
Uskayaw
Vehumet
Wu Jian
Xom
Yredelemnul
Zin
The Shining One
Beogh
Jiyva
Lugonu

Shops:
D *[%??*?*:[((!!!!

Annotations:
D Lernaean hydra


Innate Abilities, Weirdness & Mutations

You have razor-sharp toenails.
You are mostly covered in slimy green scales. (AC +3)
You regenerate health from kills.
Armour fits poorly on your strangely shaped body.
You are dopey. (Int -2)
You have an increased reservoir of magic. (+10% MP)
You are resistant to hostile enchantments. (MR+)


Message History

Get ready!
There is a stormy altar of Qazlal here.
There is an entrance to Imapn's Distillery here.
l - 2 potions of mutation {!q} Thank you for shopping at Imapn's Distillery!
ROUND 5!
BOSS ROUND!
The 27-headed Lernaean hydra comes into view.
The 27-headed Lernaean hydra roars deafeningly!
There is an entrance to Hoamied's Distillery here.
A hornet comes into view.
The hornet buzzes angrily.
The 27-headed Lernaean hydra bites you! x2
The 27-headed Lernaean hydra bites you.
The 27-headed Lernaean hydra bites you! x4
* * * LOW HITPOINT WARNING * * *
The 27-headed Lernaean hydra bites you!
* * * LOW HITPOINT WARNING * * *
The 27-headed Lernaean hydra bites you.
* * * LOW HITPOINT WARNING * * *
The 27-headed Lernaean hydra bites you!
You die...

_...%..._#
.........###
.......[..⌠#
..%(.....8.######
...###.......__∩##
(8.# #.8........∩###
...###.............##
###..%###........D.⌠#
# #.<.# #.......@..⌠#
###...###..........§#
...###%............##
.8.# #.8....y...∩###
...###......___∩##
.........8.######
..........§#
.........###
_........#


You could see the 27-headed Lernaean hydra and a hornet.

Vanquished Creatures
  Grinder (D)
  Sigmund (D)
  Eustachio (D)
  7 ogres (D)
  A crimson imp (D)
  A quasit (D)
  An orc wizard (D)
  An iguana (D)
  An iron imp (D)
  Jessica (D)
  A worker ant (D)
  A shadow imp (D)
  4 kobolds (D)
22 creatures vanquished.

Vanquished Creatures (others)
  2 kobolds (D)
2 creatures vanquished.

Grand Total: 24 creatures vanquished

Notes
Turn   | Place    | Note
-------+----------+-------------------------------------------
     0 | D        | Redear the Demonspawn Fighter began the quest for the Orb.
     0 | D        | Reached XP level 1. HP: 18/18 MP: 1/1
     1 | D        | Found a glowing silver altar of Zin.
     1 | D        | Found a radiant altar of Vehumet.
     2 | D        | Found an ancient bone altar of Kikubaaqudgha.
     2 | D        | Found an iron altar of Okawaru.
     3 | D        | Found a basalt altar of Yredelemnul.
     3 | D        | Found a burning altar of Makhleb.
     4 | D        | Found Xiniu's Delicious Food.
     4 | D        | Found an ornate altar of the Wu Jian Council.
     4 | D        | Found a glowing golden altar of the Shining One.
     4 | D        | Found Teankuh's Identification Station.
     5 | D        | Found Qoun Guf's Jewellery.
     5 | D        | Found Jeefou Nyit's Advanced Armour.
     5 | D        | Round 1.
     7 | D        | Found an opulent altar of Gozag.
    14 | D        | Bought a heavily runed amber ring for 45 gold pieces
    14 | D        | Bought a sparkling platinum ring for 45 gold pieces
    14 | D        | Bought a steaming copper amulet for 45 gold pieces
    14 | D        | Bought a transparent pewter ring for 45 gold pieces
    14 | D        | Identified the amulet "Tudehog" {Inacc rElec Str-5 Dex+8}
                  | (You bought it in a shop in the Dungeon)
    15 | D        | Identified the ring of the Equinox {Ice rPois MR++ Str-2
                  | Dex+2} (You bought it in a shop in the Dungeon)
    16 | D        | Identified the ring "Kantal" {*Contam +Fly Str+2 Int+3}
                  | (You bought it in a shop in the Dungeon)
    18 | D        | Identified the ring "Extol" {-Tele rF+ rC+ MP+9} (You
                  | bought it in a shop in the Dungeon)
    26 | D        | Found a sacrificial altar of Ru.
    27 | D        | Found a blossoming altar of Fedhas.
    28 | D        | Found Jubbick's Premium Goods.
    29 | D        | Found a hide-covered altar of Uskayaw.
    29 | D        | Found Guodghobe's Weapon Rack.
    29 | D        | Found Rimenwuf's Miscellaneous Merchandise.
    29 | D        | Found Yfecun's Basic Armour.
    35 | D        | Found a snail-covered altar of Cheibriados.
    64 | D        | Noticed Sigmund
    70 | D        | Killed Sigmund
    70 | D        | Reached skill level 6 in Fighting
    70 | D        | Reached skill level 5 in Axes
    70 | D        | Reached skill level 5 in Armour
    70 | D        | Reached skill level 5 in Shields
    70 | D        | Gained mutation: You are partially covered in slimy green
                  | scales. (AC +2) [demonic ancestry]
    70 | D        | Reached XP level 2. HP: 28/28 MP: 2/2
    70 | D        | Gained mutation: You regenerate a little health from kills.
                  | [demonic ancestry]
    70 | D        | Reached XP level 3. HP: 34/34 MP: 3/3
    70 | D        | Gained mutation: You have sharp toenails. [demonic
                  | ancestry]
    70 | D        | Reached XP level 4. HP: 40/40 MP: 4/4
    70 | D        | Gained mutation: You have razor-sharp toenails. [demonic
                  | ancestry]
    70 | D        | Reached XP level 5. HP: 46/46 MP: 5/5
   129 | D        | Found a viscous altar of Jiyva.
   129 | D        | Found Xakau's Magic Scroll Shop.
   129 | D        | Found Ledoilil's Magic Scroll Shop.
   130 | D        | Found Kucyboux's Must-Have Magic.
   131 | D        | Found a shadowy altar of Dithmenos.
   131 | D        | Found a corrupted altar of Lugonu.
   131 | D        | Found a bloodstained altar of Trog.
   131 | D        | Found Cufielat's Staff Store.
   136 | D        | Found a deep blue altar of Sif Muna.
   137 | D        | Found a stormy altar of Qazlal.
   138 | D        | Found Imapn's Distillery.
   138 | D        | Found a roughly hewn altar of Beogh.
   138 | D        | Found a shimmering altar of Xom.
   138 | D        | Found Buhalus's Do-It-Yourself Clinic.
   139 | D        | Found Hoamied's Distillery.
   139 | D        | Found Eshit's Bottled Wisdom.
   143 | D        | Noticed Jessica
   149 | D        | Killed Jessica
   153 | D        | Reached skill level 6 in Armour
   153 | D        | Reached skill level 6 in Shields
   154 | D        | Arena points: 12 (+12) [x2]
   202 | D        | Round 2.
   220 | D        | Gained mutation: You are mostly covered in slimy green
                  | scales. (AC +3) [demonic ancestry]
   220 | D        | Reached XP level 6. HP: 47/53 MP: 6/6
   251 | D        | Reached skill level 7 in Fighting
   251 | D        | Reached skill level 6 in Axes
   279 | D        | Noticed Grinder
   285 | D        | Paralysed by Grinder for 4 turns
   293 | D        | Killed Grinder
   293 | D        | Reached skill level 8 in Fighting
   293 | D        | Reached skill level 7 in Axes
   293 | D        | Reached skill level 7 in Armour
   293 | D        | Reached skill level 7 in Shields
   293 | D        | Reached XP level 7. HP: 34/62 MP: 7/7
   301 | D        | Became a worshipper of Makhleb the Destroyer
   310 | D        | Noticed Eustachio
   322 | D        | Killed Eustachio
   329 | D        | Arena points: 54 (+42) [x3]
   379 | D        | Round 3.
   418 | D        | Reached * piety under Makhleb
   467 | D        | HP: 4/63 [something (10)]
   473 | D        | Reached ** piety under Makhleb
   473 | D        | Arena points: 138 (+84) [x4]
   474 | D        | Bought a faintly glowing ivory amulet for 45 gold pieces
   474 | D        | Bought a steaming bronze ring for 45 gold pieces
   474 | D        | Identified the amulet "Ydeijuxt" {Spirit rF- Str+4 Int-3
                  | Slay+2} (You bought it in a shop in the Dungeon)
   478 | D        | Identified the cursed ring "Xorchemp" {EV-3 Str+8} (You
                  | bought it in a shop in the Dungeon)
   486 | D        | Bought a twitching granite ring for 45 gold pieces
   486 | D        | Bought a flickering wooden ring for 45 gold pieces
   490 | D        | Identified the ring of Fanaps {+Blink +Inv rN+ Str+3 Dex+4
                  | Stlth-} (You bought it in a shop in the Dungeon)
   545 | D        | Round 4.
   547 | D        | Gained mutation: Scrolls take you a little longer to read.
                  | [mutagenic glow]
   551 | D        | Reached skill level 9 in Fighting
   551 | D        | Reached skill level 8 in Armour
   551 | D        | Reached skill level 8 in Shields
   563 | D        | Reached skill level 8 in Axes
   569 | D        | Reached *** piety under Makhleb
   569 | D        | Gained mutation: You regenerate health from kills. [demonic
                  | ancestry]
   569 | D        | Reached XP level 8. HP: 68/71 MP: 8/8
   573 | D        | Arena points: 298 (+160) [x5]
   573 | D        | Reached skill level 9 in Armour
   573 | D        | Reached skill level 9 in Shields
   614 | D        | Bought a potion of mutation for 56 gold pieces
   614 | D        | Lost mutation: Scrolls take you a little longer to read.
                  | [potion of mutation]
   614 | D        | Gained mutation: You are dopey. (Int -2) [potion of
                  | mutation]
   614 | D        | Gained mutation: Armour fits poorly on your strangely
                  | shaped body. [potion of mutation]
   614 | D        | Gained mutation: You are resistant to hostile enchantments.
                  | (MR+) [potion of mutation]
   614 | D        | Gained mutation: You have an increased reservoir of magic.
                  | (+10% MP) [potion of mutation]
   618 | D        | Bought 2 potions of mutation for 112 gold pieces
   618 | D        | Round 5.
   618 | D        | Noticed the 27-headed Lernaean hydra
   620 | D        | Noticed a hornet
   621 | D        | HP: 4/72 [the 27-headed Lernaean hydra (4)]
   621 | D        | Slain by the 27-headed Lernaean hydra

Levels and vault maps discovered:
D:        arena_sprint

Skill      XL: |  1  2  3  4  5  6  7  8 |
---------------+-------------------------+-----
Fighting       | 6 8 9 |  9.8
Axes           | 5 7 8 |  8.7
Armour         | 5 6 7 8 9 |  9.0
Shields        | 5 6 7 8 9 |  9.0

Action                   |  1- 3 |  4- 6 |  7- 9 || total
-------------------------+-------+-------+-------++-------
Melee: War axe           |       |    39 |    34 ||    73
       Kick              |       |    10 |    14 ||    24
Evoke: Wand              |     3 |     1 |     2 ||     6
  Use: Potion            |     1 |       |     2 ||     3
Armor: Scale mail        |       |    26 |    10 ||    36
Dodge: Dodged            |       |    11 |     7 ||    18
Block: Shield            |       |    31 |    22 ||    53

Table legend:
 A = Non-vault XP
 B = Vault XP
 C = Vault XP percentage of total XP
 D = Non-vault monster count
 E = Vault monster count
 F = Vault count percentage of total count
                 A         B        C        D         E       F
            +---------+---------+-------+---------+---------+-------
      Total |    1813 |       0 |   0.0 |      22 |       0 |   0.0
            +---------+---------+-------+---------+---------+-------
          D |    1813 |       0 |   0.0 |      22 |       0 |   0.0
            +---------+---------+-------+---------+---------+-------
